 Dungeon Crawl Stone Soup version 0.31-a0-150-g89dc3ad700 (webtiles) character file.

Game seed: 10025960559317049140

1339 qw the Skirmisher (level 8, -1/50 HPs)
             Began as a Gargoyle Hunter on June 8, 2023.
             Slain by Duvessa
             ... wielding a +0 short sword
              (3 damage)
             ... on level 5 of the Dungeon.
             The game lasted 00:02:05 (5032 turns).

qw the Skirmisher (Gargoyle Hunter)                 Turns: 5032, Time: 00:02:05

Health: -1/50      AC: 14    Str: 15    XL:     8   Next: 61%
Magic:  8/8        EV: 17    Int: 10    God:
Gold:   161        SH:  0    Dex: 15    Spells: 7/7 levels left

rFire   . . .        Y - +0 orcbow
rCold   . . .        (shield currently unavailable)
rNeg    + + .        g - +3 leather armour {rPois}
rPois   inf          (no helmet)
rElec   +            (no cloak)
rCorr   .            b - +1 pair of gloves
SInv    .            (no boots)
Will    .....        d - amulet of the acrobat
Stlth   ++           i - ring of positive energy
HPRegen 0.28/turn    k - +5 ring of evasion
MPRegen 0.11/turn

%: acrobat
@: no status effects
A: sickness immunity, AC +5, negative energy resistance 1, electricity
resistance, torment resistance 1, petrification resistance
a: no special abilities


You were on level 5 of the Dungeon.
You visited 1 branch of the dungeon, and saw 5 of its levels.

You collected 224 gold pieces.
You spent 63 gold pieces at shops.


Innate Abilities, Weirdness & Mutations

You are immune to sickness and miasma.
Your stone body is resilient. (AC +5)
You are immune to poison.
You resist negative energy. (rN+)
You are resistant to electric shocks. (rElec)
You are resistant to unholy torment.
You are immune to petrification.


   Skills:
 + Level 5.6 Fighting
 - Level 9.2 Ranged Weapons
 - Level 2.5 Armour
 - Level 2.7 Dodging
 - Level 1.1 Stealth


You had 7 spell levels left.
You didn't know any spells.
Your spell library was empty.

Inventory:

Hand Weapons
 Y - a +0 orcbow (weapon)
Armour
 b - a +1 pair of gloves (worn)
 g - a +3 leather armour of poison resistance (worn)
Jewellery
 d - an amulet of the acrobat (around neck)
 i - a ring of positive energy (left hand)
 k - a +5 ring of evasion (right hand)
Scrolls
 c - a scroll of brand weapon {unknown}
Potions
 f - a potion of mutation {unknown}
 h - a potion of haste {unknown}
 j - 2 potions of might
 n - a potion of curing {unknown}
 p - a potion of attraction {unknown}

Dungeon Overview and Level Annotations

Branches:
Dungeon (5/15)
 Temple: D:4-7

Altars:
Yredelemnul

Shops:
D:2 [

Annotations:
D:5 Duvessa


Message History

Duvessa misses you. Duvessa hits you with a +0 short sword.
You shoot an arrow. The arrow hits Duvessa.
Duvessa is heavily wounded.
Duvessa barely misses you.
You shoot an arrow. The arrow hits Duvessa!
Duvessa is severely wounded.
Duvessa hits you with a +0 short sword! Duvessa closely misses you.
You shoot an arrow. The arrow barely misses Duvessa.
Duvessa hits you but does no damage.
You shoot an arrow. The arrow barely misses Duvessa.
Duvessa hits you but does no damage. Duvessa misses you.
You shoot an arrow. The arrow barely misses Duvessa.
Duvessa hits you with a +0 short sword. Duvessa hits you with a +0 short sword!
You shoot an arrow.
The arrow hits Duvessa but does no damage.
Duvessa is severely wounded.
Duvessa completely misses you.
You shoot an arrow.
The arrow hits Duvessa but does no damage.
Duvessa is severely wounded.
Duvessa closely misses you. x2
You shoot an arrow.
The arrow hits Duvessa but does no damage.
Duvessa is severely wounded.
Duvessa misses you. Duvessa closely misses you.
You shoot an arrow. The arrow hits Duvessa.
Duvessa is severely wounded.
Duvessa hits you but does no damage.
You shoot an arrow. The arrow hits Duvessa.
Duvessa is almost dead.
Duvessa barely misses you. Duvessa hits you with a +0 short sword.
You shoot an arrow.
The arrow hits Duvessa but does no damage.
Duvessa is severely wounded.
Duvessa misses you.
You shoot an arrow.
The arrow hits Duvessa but does no damage.
Duvessa is severely wounded.
Duvessa hits you with a +0 short sword.
You die...

#.....#######...........(.
#.................).......
#........##...............
########...............(..
#####.............. ####
#.............. ..<..
###............#
......###.%...........##
.....)e@..####.###...###
......##### .# #.##. .....
# ###.... .... .....(# ...
....... .. ....... .
....... ##..... #..#...


You could see Duvessa (berserk, fast).

Vanquished Creatures
  2 ogres (D:5)
  A black bear (D:4)
  A centaur (D:5)
  2 phantoms (D:5)
  A kobold brigand (D:4)
  3 scorpions
  Dowan (D:5)
  2 hounds (D:4)
  4 jellies
  Jessica (D:3)
  2 iguanas
  3 orc wizards (D:4)
  7 gnolls
  6 adders
  6 worms
  4 dart slugs
  9 orcs
  9 endoplasms
  5 giant cockroaches
  5 goblins
  7 hobgoblins
  7 jackals
  4 quokkas
  7 ball pythons
  2 bats (D:2)
  A frilled lizard (D:2)
  4 kobolds
  A rat (D:2)
107 creatures vanquished.

Notes
Turn   | Place    | Note
-------+----------+-------------------------------------------
     0 | D:1      | qw the Gargoyle Hunter began the quest for the Orb.
     0 | D:1      | Reached XP level 1. HP: 12/12 MP: 1/1
     0 | D:1      | 0 ||| qw: Version: 0.2-a-119-g7aa9181
     0 | D:1      | 0 ||| qw: Game counter: 2756
     0 | D:1      | 0 ||| qw: Always use a shield: true
     0 | D:1      | 0 ||| qw: God list: Okawaru
     0 | D:1      | 0 ||| qw: Allow faded altars: false
     0 | D:1      | 0 ||| qw: Do Orc after D:15 true
     0 | D:1      | 0 ||| qw: Do second Lair branch before Depths: true
     0 | D:1      | 0 ||| qw: Lair rune preference: random
     0 | D:1      | 0 ||| qw: Plans: Normal
     0 | D:1      | 0 ||| PLANNING D:1-11
   700 | D:1      | Reached XP level 2. HP: 17/17 MP: 2/2
   743 | D:1      | 743 ||| DROPPING +6 ring of intelligence.
   744 | D:1      | 744 ||| UPGRADING to ring of positive energy.
   745 | D:1      | 745 ||| READING 2 scrolls labelled LIASTU VAYTAU.
   749 | D:1      | 749 ||| DRINKING 2 fizzy inky potions.
   750 | D:1      | 750 ||| DRINKING 2 red potions.
   751 | D:1      | 751 ||| DROPPING scroll of butterflies.
   752 | D:1      | 752 ||| DROPPING potion of enlightenment.
   844 | D:2      | 844 ||| FLEEEEING.
   845 | D:2      | 845 ||| FLEEEEING.
   848 | D:2      | 848 ||| STAIRDANCE
   894 | D:2      | 894 ||| STAIRDANCE
  1022 | D:2      | Reached XP level 3. HP: 18/21 MP: 3/3
  1042 | D:2      | Found a faded altar of an unknown god.
  1055 | D:2      | Found Ikhaj Atoyf's Armour Boutique.
  1061 | D:2      | 1061 ||| BUYING +0 pair of gloves (63 gold).
  1061 | D:2      | Bought a +0 pair of gloves for 63 gold pieces
  1061 | D:2      | 1061 ||| SHOPLISTING +5 robe of Night {Dark Will+ SInv}
                  | (840 gold, have 17).
  1107 | D:2      | Reached skill level 5 in Ranged Weapons
  1155 | D:2      | Found a basalt altar of Yredelemnul.
  1314 | D:2      | Reached skill level 3 in Fighting
  1423 | D:2      | Reached XP level 4. HP: 28/28 MP: 4/4
  1853 | D:2      | 1853 ||| UPGRADING to +0 pair of gloves.
  1858 | D:2      | 1858 ||| UPGRADING to amulet of the acrobat.
  1863 | D:2      | 1863 ||| UPGRADING to +5 ring of evasion.
  1864 | D:2      | 1864 ||| READING scroll labelled XYQOOV LOMM.
  2136 | D:3      | Noticed Jessica
  2137 | D:3      | Killed Jessica
  2138 | D:3      | Reached skill level 6 in Ranged Weapons
  2138 | D:3      | Reached XP level 5. HP: 32/32 MP: 5/5
  2804 | D:3      | 2804 ||| DROPPING ring of flight.
  2805 | D:3      | 2805 ||| READING scroll labelled SESTUDW XUEMAFUTZ.
  2806 | D:3      | 2806 ||| READING scroll labelled RIUJIMM XEZISS.
  2807 | D:3      | 2807 ||| DRINKING 2 grey potions.
  2808 | D:3      | 2808 ||| DRINKING 2 fuming emerald potions.
  2830 | D:3      | 2830 ||| DROPPING potion of invisibility.
  2831 | D:3      | 2831 ||| DROPPING potion of lignification.
  2870 | D:4      | 2870 ||| STAIRDANCE
  2881 | D:3      | HP: 8/32 [frozen (3)]
  2882 | D:3      | 2882 ||| READING 4 scrolls of teleportation.
  2882 | D:3      | HP: 2/32 [scorpion (3)]
  3052 | D:4      | Reached XP level 6. HP: 37/37 MP: 6/6
  3207 | D:4      | 3207 ||| Stepping ~*~*~tactically~*~*~ (outnumbered).
  3231 | D:4      | HP: 6/38 [something/magic dart (5)]
  3232 | D:4      | 3232 ||| READING 3 scrolls of teleportation.
  3505 | D:4      | Reached skill level 7 in Ranged Weapons
  3505 | D:4      | Reached XP level 7. HP: 38/43 MP: 7/7
  3583 | D:4      | 3583 ||| SWAPPING to +0 orcbow.
  3587 | D:4      | 3587 ||| DROPPING +0 shortbow.
  3909 | D:4      | 3909 ||| Stepping ~*~*~tactically~*~*~ (outnumbered).
  3920 | D:4      | HP: 6/43 [gnoll/+0 spear (5)]
  3921 | D:4      | 3921 ||| READING 3 scrolls of teleportation.
  4292 | D:4      | 4292 ||| UPGRADING to +0 ring mail.
  4302 | D:4      | 4302 ||| DROPPING +0 leather armour.
  4303 | D:4      | 4303 ||| UPGRADING to +3 leather armour of poison
                  | resistance.
  4313 | D:4      | 4313 ||| DROPPING +0 ring mail.
  4314 | D:4      | 4314 ||| DROPPING +1 robe of willpower.
  4315 | D:4      | 4315 ||| DROPPING ring of wizardry.
  4316 | D:4      | 4316 ||| READING 2 scrolls labelled OPHACSA BARHIO.
  4317 | D:4      | 4317 ||| READING scroll of enchant armour.
  4317 | D:4      | 4317 ||| ENCHANTING +0 pair of gloves.
  4318 | D:4      | 4318 ||| READING scroll labelled FUSORO DUGHODO.
  4319 | D:4      | 4319 ||| READING scroll labelled ONTUFE UNUCH.
  4320 | D:4      | 4320 ||| READING scroll labelled TYOMOE HIJEUZA.
  4504 | D:5      | Entered Level 5 of the Dungeon
  4544 | D:5      | Reached skill level 8 in Ranged Weapons
  4554 | D:5      | Reached XP level 8. HP: 45/48 MP: 8/8
  4595 | D:5      | HP: 10/49 [acid (10)]
  4596 | D:5      | 4596 ||| READING 2 scrolls of teleportation.
  4836 | D:5      | Reached skill level 9 in Ranged Weapons
  4845 | D:5      | HP: 10/49 [centaur/arrow (10)]
  4846 | D:5      | 4846 ||| READING scroll of teleportation.
  5004 | D:5      | Noticed Dowan
  5011 | D:5      | Killed Dowan
  5011 | D:5      | Noticed Duvessa
  5025 | D:5      | HP: 4/50 [Duvessa/+0 short sword (12)]
  5030 | D:5      | HP: 2/50 [Duvessa/+0 short sword (4)]
  5032 | D:5      | Slain by Duvessa

Levels and vault maps discovered:
D:1:      dpeg_arrival_rooms_c, layout_loops_ring, serial_forest,
          infiniplex_forest_end_2, infiniplex_forest_clump_medium,
          infiniplex_forest_lined_room_2, infiniplex_forest_lined_room_,
          infiniplex_forest_side_room, infiniplex_forest_straight_4,
          infiniplex_forest_straight_1
D:2:      layout_basic, basic_altar, chequers_ecumenical_altar_simple,
          serial_shops, nicolae_shop_rolling_square, minmay_diced_spiral
D:3:      layout_loops_corners, nicolae_wormholes, uniq_jessica
D:4:      kennysheep_big_flooded_room, layout_gridville, minmay_joined_circles
D:5:      layout_rooms, uniq_duvessa

Skill      XL: |  1  2  3  4  5  6  7  8 |
---------------+-------------------------+-----
Ranged Weapons | 5 6 7 8 9 |  9.2
Fighting       | 3 4 5 |  5.6
Armour         | 2 |  2.5
Dodging        | 2 |  2.7
Stealth        | |  1.1

Action                     |  1- 3 |  4- 6 |  7- 9 || total
---------------------------+-------+-------+-------++-------
   Fire: Shortbow          |   123 |   171 |     3 ||   297
         Orcbow            |       |       |   245 ||   245
    Use: Potion            |     2 |     2 |       ||     4
         Scroll            |     1 |     5 |     8 ||    14
 Armour: Leather armour    |    10 |    28 |    49 ||    87
  Dodge: Dodged            |    32 |    83 |   150 ||   265

Table legend:
 A = Non-vault XP
 B = Vault XP
 C = Vault XP percentage of total XP
 D = Non-vault monster count
 E = Vault monster count
 F = Vault count percentage of total count
                 A         B        C        D         E       F
            +---------+---------+-------+---------+---------+-------
      Total |    1494 |     419 |  21.9 |      79 |      28 |  26.2
            +---------+---------+-------+---------+---------+-------
        D:1 |      16 |       0 |   0.0 |       7 |       0 |   0.0
        D:2 |      58 |      18 |  23.7 |      18 |       4 |  18.2
        D:3 |     163 |      47 |  22.4 |      13 |       3 |  18.8
        D:4 |     464 |     282 |  37.8 |      24 |      20 |  45.5
        D:5 |     793 |      72 |   8.3 |      17 |       1 |   5.6
            +---------+---------+-------+---------+---------+-------
